 Dungeon Crawl Stone Soup version 0.32-a0-571-gec57dfcd37 (webtiles) character file.

Game seed: 940600624789600124

2127 Drazool the Skirmisher (level 9, 0/63 HPs)
             Began as a Coglin Hunter on Mar 1, 2024.
             Was a Believer of Okawaru.
             Succumbed to a killer bee's poison
             ... on level 8 of the Dungeon.
             The game lasted 00:18:50 (6132 turns).

Drazool the Skirmisher (Coglin Hunter)              Turns: 6132, Time: 00:18:51

Health: 0/63       AC:  7    Str:  8 (11) XL:     9   Next: 29%
Magic:  9/9        EV: 13    Int:  7 (10) God:    Okawaru [**....]
Gold:   143        SH:  0    Dex: 18 (21) Spells: 8/8 levels left

rFire   . . .        a - +2 sling (flame) {Silke}
rCold   . . .        d - +0 sling (heavy) {Henutmehyt}
rNeg    . . .        z - +1 robe {Will+}
rPois   .            p - +0 helmet
rElec   .            A - +1 cloak {Will+}
rCorr   .            c - +0 pair of gloves
SInv    .            (no boots)
Will    ++...        (amulet unavailable)
Stlth   ++           (ring unavailable)
HPRegen 0.30/turn    (ring unavailable)
MPRegen 0.11/turn    (no gizmo)

%: no passive effects
@: lethally poisoned (0 -> -9), about to teleport, revved
A: off-hand wielding, slow wielding, warmup strikes, no jewellery
a: Invent Gizmo, Renounce Religion, Heroism


You were on level 8 of the Dungeon.
You worshipped Okawaru.
Okawaru was pleased with you.
You visited 2 branches of the dungeon, and saw 9 of its levels.

You collected 395 gold pieces.
You spent 252 gold pieces at shops.


Innate Abilities, Weirdness & Mutations

You can wield a second weapon in your off-hand.
It takes a long time for you to wield or remove held weapons.
Your first few attacks do less damage.
You cannot equip rings or amulets.


   Skills:
 + Level 3.1 Fighting
 - Level 11.0 Ranged Weapons
 + Level 2.8 Dodging
 - Level 2.0 Stealth


You had 8 spell levels left.
You didn't know any spells.
Your spell library contained the following spells:

 Spells                   Type           Power      Damage    Failure   Level
 Freeze                   Ice            0%         1d3       43%         1
 Kiss of Death            Conj/Necr      0%         2d5       43%         1
 Shock                    Conj/Air       0%         1d3       43%         1
 Confusing Touch          Hex            0%         N/A       80%         3
 Frozen Ramparts          Ice            0%         1d1       80%         3
 Hailstorm                Conj/Ice       0%         3d5       80%         3
 Inner Flame              Hex/Fire       0%         N/A       80%         3
 Dispel Undead            Necr           0%         3d6       99%         4
 Flame Wave               Conj/Fire      0%         2d4       99%         4
 Sticky Flame             Fire/Alch      0%         2d4       99%         4

Inventory:

Hand Weapons
 a - a +2 sling of flaming (weapon) {Silke}
 d - a +0 heavy sling (offhand) {Henutmehyt}
Armour
 c - a +0 pair of gloves (worn)
 p - a +0 helmet (worn)
 z - a +1 robe of willpower (worn)
 A - a +1 cloak of willpower (worn)
Magical Staves
 s - a staff of conjuration {!a}
Wands
 t - a wand of polymorph (4)
 u - a wand of flame (14)
 x - a wand of mindburst (13)
Scrolls
 b - a scroll of butterflies
 e - 2 scrolls of teleportation {@r2}
 h - 2 scrolls of fog
 i - a scroll of vulnerability {unknown}
 r - a scroll of immolation
 y - a scroll of noise {unknown}
 B - a scroll of amnesia
Potions
 f - a potion of magic {unknown}
 g - a potion of lignification {unknown}
 k - a potion of berserk rage {unknown}
 m - 3 potions of degeneration
 n - 2 potions of mutation
 o - a potion of curing {unknown}
 v - a potion of might {unknown}
 w - a potion of heal wounds {unknown}

Dungeon Overview and Level Annotations

Branches:
Dungeon (8/15)             Temple (1/1) D:5
   Lair: D:8-11

Altars:
Ashenzari
Cheibriados
Dithmenos
Elyvilon
Fedhas
Gozag
Hepliaklqana
Kikubaaqudgha
Makhleb
Nemelex Xobeh
Okawaru
Qazlal
Sif Muna
Trog
Vehumet
Wu Jian
Xom
Yredelemnul
Zin
The Shining One

Shops:
D:7 [:

Annotations:
D:6 Jeremiah

#..##...........y##y....# ###
#####..##....................
#.###..##..##..............######
#.......#..##...........[.##
###.....#..##.............#
#........###........y..##
##.......# #...y.......#
#.....#.###...y......##
##....#..###.@y......#
#....##.###.........#
##...##..##........#
#######.###.......# ##.##.[....##
#..##......## ##..........#
#....###.... #...## #...


You could see 4 killer bees.


Message History

Fire: a) +2 sling (flame) {Silke}
Press: ? - help, Q - select action, (/) - cycle Shift-Dir - straight line, f - killer bee
Aim: a killer bee (45% to hit)
You shoot a sling bullet. The sling bullet hits the killer bee!
The sling bullet burns the killer bee.
The killer bee is heavily wounded.
You shoot a sling bullet.
The sling bullet misses the killer bee. x2
You feel very sick.
Unknown command.
Fire: a) +2 sling (flame) {Silke}
Press: ? - help, Q - select action, (/) - cycle Shift-Dir - straight line, f/p - killer bee
Aim: a killer bee (heavily wounded, 45% to hit)
You shoot a sling bullet. The sling bullet hits the killer bee.
The killer bee is severely wounded.
You shoot a sling bullet. The sling bullet hits the killer bee.
The sling bullet burns the killer bee.
The killer bee is almost dead.
You feel very sick. The killer bee stings you.
* * * LOW HITPOINT WARNING * * *
The killer bee stings you.
* * * LOW HITPOINT WARNING * * *
The killer bee stings you.
* * * LOW HITPOINT WARNING * * *
Unknown command.
It was a potion of degeneration.
There was something very wrong with that liquid.
You feel weakened.
You feel dopey.
You feel clumsy.
You die...

Skill      XL: |  1  2  3  4  5  6  7  8  9 |
---------------+----------------------------+-----
Ranged Weapons | 4 5 6 7 8 10 11 | 11.0
Stealth        | 1 2 |  2.0
Dodging        | 2 |  2.8
Fighting       | 3 |  3.1

Action                     |  1- 3 |  4- 6 |  7- 9 || total
---------------------------+-------+-------+-------++-------
   Fire: Sling             |   142 |   224 |   312 ||   678
  Evoke: Wand              |       |     1 |       ||     1
    Use: Scroll            |       |     8 |     8 ||    16
         Potion            |       |       |     1 ||     1
 Armour: Leather armour    |     3 |    20 |     3 ||    26
         Robe              |       |       |    48 ||    48
  Dodge: Dodged            |     7 |    17 |    37 ||    61

Levels and vault maps discovered:
D:1:      spicycebolla_arrival_transporter_tutorial, layout_rooms
D:2:      layout_loops_corners, minmay_misc_feat_ornament
D:3:      layout_rooms, grunt_temple_overflow_open,
          shapermc_ecumenical_altar_rom_forum, minmay_misc_feat_four_crosses
D:4:      layout_basic
D:5:      layout_gridville, nicolae_overflow_hidden_temple,
          minmay_temple_entry_overgrown
D:6:      layout_rooms, nicolae_overflow_squiral, minmay_misc_feat_room,
          uniq_blork_the_orc, uniq_jeremiah
D:7:      layout_gridville, serial_shops, shop_statue,
          chequers_decorated_corner, kennysheep_small_circle
D:8:      layout_cave_pods, marbit_many_paths, mainiacjoe_overflow_brackets,
          gammafunk_ghost_cemetery, hex_tiny
Temple:   regret_index_temple_generic_petals

Notes
Turn   | Place    | Note
-------+----------+-------------------------------------------
     0 | D:1      | Drazool the Coglin Hunter began the quest for the Orb.
     0 | D:1      | Reached XP level 1. HP: 16/16 MP: 1/1
    93 | D:1      | Reached skill level 4 in Ranged Weapons
    93 | D:1      | Reached XP level 2. HP: 22/22 MP: 2/2
   264 | D:1      | Reached skill level 1 in Stealth
   783 | D:2      | Reached XP level 3. HP: 27/27 MP: 3/3
  1579 | D:3      | Found a glowing golden altar of the Shining One.
  1581 | D:3      | Found a radiant altar of Vehumet.
  1590 | D:3      | Reached skill level 2 in Stealth
  1590 | D:3      | Reached XP level 4. HP: 33/33 MP: 4/4
  1858 | D:3      | Found a faded altar of an unknown god.
  1871 | D:3      | Got Plato's Precepts of Haze
  2272 | D:4      | Reached skill level 5 in Ranged Weapons
  2280 | D:4      | Noticed an ogre
  2299 | D:4      | Noticed a phantom
  2338 | D:4      | Reached XP level 5. HP: 38/38 MP: 5/5
  2539 | D:4      | an ogre changed into a naga
  2539 | D:4      | Noticed a naga
  2662 | D:3      | Killed a phantom
  2663 | D:3      | Reached skill level 6 in Ranged Weapons
  2913 | D:4      | Reached XP level 6. HP: 44/44 MP: 6/6
  3496 | D:5      | Entered Level 5 of the Dungeon
  3527 | D:5      | Found an iron altar of Okawaru.
  3536 | D:5      | Noticed an ice beast
  3544 | D:5      | Killed an ice beast
  3662 | D:5      | Noticed an ice beast
  3671 | D:5      | Killed an ice beast
  3672 | D:5      | Reached skill level 7 in Ranged Weapons
  3672 | D:5      | Reached XP level 7. HP: 32/50 MP: 7/7
  3826 | D:5      | Found a staircase to the Ecumenical Temple.
  3835 | Temple   | Entered the Ecumenical Temple
  4100 | D:5      | Became a worshipper of Warmaster Okawaru
  4114 | D:6      | Noticed Jeremiah
  4137 | D:6      | Noticed Blork the orc
  4147 | D:6      | Killed Blork the orc
  4148 | D:6      | Reached skill level 8 in Ranged Weapons
  4274 | D:6      | Found a sparkling altar of Nemelex Xobeh.
  4286 | D:6      | Found a snail-covered altar of Cheibriados.
  4295 | D:6      | Reached XP level 8. HP: 56/56 MP: 8/8
  4475 | D:6      | Reached skill level 9 in Ranged Weapons
  4545 | D:7      | Found Xeyquch's Armour Shoppe.
  4553 | D:7      | Bought a +0 pair of gloves for 54 gold pieces
  4553 | D:7      | Bought a +1 cloak of willpower for 198 gold pieces
  4750 | D:7      | Reached * piety under Okawaru
  5231 | D:6      | Reached skill level 10 in Ranged Weapons
  5334 | D:7      | Noticed a yak
  5415 | D:7      | Reached ** piety under Okawaru
  5416 | D:7      | Reached XP level 9. HP: 40/61 MP: 9/9
  5523 | D:7      | Reached skill level 11 in Ranged Weapons
  5601 | D:7      | Found Amnaxuho's Book Emporium.
  5759 | D:7      | Reached skill level 2 in Dodging
  6045 | D:8      | Reached skill level 3 in Fighting
  6131 | D:8      | HP: 3/63 [killer bee (6)]
  6132 | D:8      | Succumbed to a killer bee's poison

Vanquished Creatures
  A yak (D:7)
  A steam dragon (D:7)
  A water moccasin (D:6)
  2 ice beasts (D:5)
  2 sky beasts
  A black bear (D:5)
  2 ogres (D:6)
  A centaur (D:7)
  A phantom (D:3)
  Blork the orc (D:6)
  A bullfrog (D:7)
  A scorpion (D:6)
  5 killer bees (D:7)
  3 howler monkeys
  A jelly (D:6)
  2 hounds
  A sleepcap (D:5)
  2 orc wizards (D:7)
  2 iguanas (D:6)
  11 adders
  A shadow imp (D:7)
  3 white imps (D:7)
  4 ribbon worms
  3 dart slugs
  9 orcs
  5 ball pythons
  An endoplasm (D:2)
  2 giant cockroaches
  9 goblins
  5 hobgoblins
  4 quokkas
  3 bats
  2 frilled lizards
  3 kobolds
  5 rats
101 creatures vanquished.

Table legend: (Time is in decaauts)
 A = Elapsed time spent in this place.
 B = Non-inter-level travel time spent in this place.
 C = Inter-level travel time spent in this place.
 D = Time resting spent in this place.
 E = Time spent auto-exploring this place.
 F = Levels seen in this place.
 G = Mean time per level.
                   A        B        C        D        E       F      G
               +--------+--------+--------+--------+--------+-----+--------+
         Total |   6196 |   5816 |    380 |   1431 |   3303 |   9 |  688.4 |
       Dungeon |   6194 |   5814 |    380 |   1431 |   3303 |   8 |  774.2 |
        Temple |      1 |      1 |      0 |      0 |      0 |   1 |    1.0 |
               +--------+--------+--------+--------+--------+-----+--------+

Top non-repeatable levels by time:
     D:7: 1314 daAuts
     D:4: 1117 daAuts
     D:2: 943 daAuts
     D:3: 805 daAuts
     D:1: 668 daAuts
     D:6: 624 daAuts
     D:5: 606 daAuts
     D:8: 114 daAuts
  Temple: 1 daAuts

Table legend:
 A = Non-vault XP
 B = Vault XP
 C = Vault XP percentage of total XP
 D = Non-vault monster count
 E = Vault monster count
 F = Vault count percentage of total count
                 A         B        C        D         E       F
            +---------+---------+-------+---------+---------+-------
      Total |    2662 |     377 |  12.4 |      96 |       5 |   5.0
            +---------+---------+-------+---------+---------+-------
        D:1 |      24 |       0 |   0.0 |      13 |       0 |   0.0
        D:2 |      28 |       0 |   0.0 |      15 |       0 |   0.0
        D:3 |     188 |       0 |   0.0 |      13 |       0 |   0.0
        D:4 |     121 |       0 |   0.0 |      19 |       0 |   0.0
        D:5 |     511 |       0 |   0.0 |       9 |       0 |   0.0
        D:6 |     619 |     100 |  13.9 |       9 |       1 |  10.0
        D:7 |    1039 |     277 |  21.0 |      17 |       4 |  19.0
        D:8 |     132 |       0 |   0.0 |       1 |       0 |   0.0
            +---------+---------+-------+---------+---------+-------
